 Dungeon Crawl Stone Soup version 0.30.1 (webtiles) character file.

Game seed: 7666697253635073028

2457 ANNNA the Cleaver (level 9, -12/118 HPs)
             Began as a Minotaur Berserker on July 7, 2023.
             Was an Elder of Trog.
             Mangled by Maggie
             ... wielding a +3 heavy war axe
              (20 damage)
             ... on level 7 of the Dungeon.
             The game lasted 00:08:17 (6184 turns).

ANNNA the Cleaver (Minotaur Berserker)              Turns: 6184, Time: 00:08:18

Health: -12/118    AC: 10    Str: 27    XL:     9   Next: 26%
Magic:  8/8        EV: 11    Int:  4    God:    Trog [****..]
Gold:   214        SH:  5    Dex:  9    Spells: 8/8 levels left

rFire   x . .        m - +0 war axe
rCold   + . .        (no shield)
rNeg    . . .        z - +0 scale mail
rPois   .            (helmet restricted)
rElec   .            (no cloak)
rCorr   .            G - +1 pair of gloves {hurl}
SInv    +            (no boots)
Will    ++...        p - amulet of reflection Stlth
                     f - ring of see invisible
HPRegen 1.39/turn    u - ring of ice
MPRegen 0.11/turn

%: reflection
@: berserking, strong-willed, regenerating, very quick
A: horns 2, retaliatory headbutt
a: Renounce Religion, Berserk, Trog's Hand, Brothers in Arms


You were on level 7 of the Dungeon.
You worshipped Trog.
Trog was greatly pleased with you.
You visited 1 branch of the dungeon, and saw 7 of its levels.
You also visited: Sewer.

You collected 364 gold pieces.
You spent 150 gold pieces at shops.

Inventory:

Hand Weapons
 a - a +0 hand axe
 m - a +0 war axe (weapon)
Missiles
 d - 59 stones (quivered)
 i - 22 poisoned darts
 t - 2 javelins
 J - a curare-tipped dart
Armour
 n - a +0 pair of gloves
 z - a +0 scale mail (worn)
 G - a +1 pair of gloves of hurling (worn)
Jewellery
 f - a ring of see invisible (left hand)
 p - an amulet of reflection (around neck)
 u - a ring of ice (right hand)
 y - a ring of ice
 B - an amulet of faith
Wands
 F - a wand of flame (26)
Scrolls
 b - 2 scrolls of magic mapping
 c - 3 scrolls of butterflies {unknown}
 e - 2 scrolls of teleportation
 j - 2 scrolls of fear {unknown}
 k - a scroll of fog {unknown}
 o - a scroll of vulnerability {unknown}
 s - a scroll of poison {unknown}
 x - 4 scrolls of enchant weapon
 E - a scroll of noise {unknown}
 H - 2 scrolls of brand weapon {unknown}
 I - a scroll of enchant armour {unknown}
Potions
 g - a potion of invisibility
 h - 4 potions of attraction
 l - 5 potions of haste
 q - a potion of flight {unknown}
 r - 3 potions of brilliance {unknown}
 v - a potion of lignification {unknown}
 w - a potion of heal wounds {unknown}
 A - 2 potions of curing
 C - a potion of degeneration {unknown}
 D - 2 potions of resistance {unknown}
 K - 2 potions of might


   Skills:
 * Level 7.4 Fighting
 * Level 10.2 Axes
 * Level 7.5 Armour
 * Level 5.2 Dodging
 + Level 0.8 Stealth
 + Level 2.9 Shields


You had 8 spell levels left.
You didn't know any spells.
Your spell library was empty.

Dungeon Overview and Level Annotations

Branches:
Dungeon (7/15)             Temple (0/1) D:6           Sewer (visited)

Altars:
Fedhas
Hepliaklqana
Uskayaw
Vehumet
Yredelemnul

Shops:
D:5 ![

Annotations:
D:7 Maggie


Innate Abilities, Weirdness & Mutations

You have a pair of horns on your head.
You reflexively headbutt those who attack you in melee.


Message History

The centaur is severely wounded.
The centaur barely misses you. You furiously retaliate!
You headbutt the centaur!
You kill the centaur!
Trog accepts your kill.
No target in view!
No target in view!
HP restored.
Maggie the Vainglorious comes into view.
She is wielding a +3 heavy war axe.
Throw: 61 stones
Press: ? - help, Q - select action, (/) - cycle Shift-Dir - straight line, f - Maggie
Aim: Maggie, wielding a +3 heavy war axe and wearing +1 steam dragon scales (wandering, hasn't noticed you, 63% to hit)
You throw a stone. The stone barely misses Maggie.
Maggie shouts!
Maggie gestures at you while chanting. The bolt of fire hits you!!
The fire burns you terribly!
Throw: 60 stones
Press: ? - help, Q - select action, (/) - cycle Shift-Dir - straight line, f/p - Maggie
Aim: Maggie, wielding a +3 heavy war axe and wearing +1 steam dragon scales (63% to hit)
You throw a stone.
The stone hits Maggie but does no damage.
Your skin crawls.
You feel strong-willed.
Maggie points at you and mumbles some strange words.
The bolt of fire hits you!!! The fire burns you terribly!
* * * LOW HITPOINT WARNING * * *
Maggie mutters to herself, "Master Lance won't take me back.
This is the way forward."
A red film seems to cover your vision as you go berserk!
You feel yourself moving faster!
You feel mighty! Maggie casts a spell at you. The bolt of fire hits you!!
The fire burns you terribly!
* * * LOW HITPOINT WARNING * * *
You closely miss Maggie. You closely miss Maggie.
Maggie mumbles some strange words.
You barely miss Maggie. You headbutt Maggie.
Maggie is lightly wounded.
Maggie mutters to herself, "Master Lance won't take me back.
This is the way forward."
Maggie hits you with a +3 heavy war axe!!
You die...

#. #.# .......
#.<###.### .......
#........# .......
#...#<...###........
#...#.#..).#........
#...#.##...........#
#..##.####....#...#
... #.#####.#.#.# #
.### #.....@.#...#
.. ####..@....##
#.......# #....?..#
#..........
######....## #....#
#...#. ....#.#


You could see Maggie.

Vanquished Creatures
  Pikel (D:5)
  A steam dragon (D:7)
  Menkaure (D:5)
  An ice beast (D:7)
  2 black bears
  A lemure (D:5)
  2 centaurs
  A phantom (D:5)
  A kobold brigand (D:6)
  Blork the orc (D:5)
  5 scorpions
  A howler monkey (D:4)
  An orc priest (D:3)
  9 hounds
  3 iguanas
  3 orc wizards
  2 sleepcaps
  2 river rats (Sewer)
  17 adders
  2 dart slugs
  29 orcs
  10 ball pythons
  6 bats
  9 endoplasms
  4 giant cockroaches
  5 goblins
  6 hobgoblins
  A jackal (Sewer)
  3 quokkas
  3 frilled lizards
  13 kobolds
  9 rats
155 creatures vanquished.

Notes
Turn   | Place    | Note
-------+----------+-------------------------------------------
     0 | D:1      | ANNNA the Minotaur Berserker began the quest for the Orb.
     0 | D:1      | Reached XP level 1. HP: 19/19 MP: 0/0
   358 | D:1      | Reached XP level 2. HP: 27/27 MP: 1/1
   392 | D:1      | Reached skill level 4 in Axes
   690 | D:1      | Reached ** piety under Trog
   780 | D:2      | Reached XP level 3. HP: 33/33 MP: 2/2
  1094 | D:2      | Reached XP level 4. HP: 41/41 MP: 3/3
  1606 | D:3      | Found a blossoming altar of Fedhas.
  1615 | D:3      | Reached skill level 5 in Axes
  1622 | D:3      | Found a radiant altar of Vehumet.
  1662 | D:3      | Reached XP level 5. HP: 40/47 MP: 4/4
  1674 | D:3      | Reached skill level 6 in Axes
  2005 | D:3      | Reached skill level 5 in Fighting
  2008 | D:3      | Reached *** piety under Trog
  2013 | D:3      | Identified the +0 robe of Cheibriados's Esteem {rC+ rN+
                  | Str-3 Dex+4}
  2217 | D:4      | Reached XP level 6. HP: 56/56 MP: 5/5
  2467 | D:4      | Reached skill level 7 in Axes
  2644 | D:4      | Found a large runed translucent door.
  2644 | D:4      | Found a large runed translucent door.
  2959 | D:4      | Reached skill level 1 in Shields
  2959 | D:4      | Reached XP level 7. HP: 61/61 MP: 6/6
  2963 | D:4      | Found a hide-covered altar of Uskayaw.
  2966 | D:4      | Found a basalt altar of Yredelemnul.
  2999 | D:5      | Entered Level 5 of the Dungeon
  3023 | D:5      | Found a hazy altar of Hepliaklqana.
  3054 | D:5      | Noticed Pikel
  3147 | D:5      | Killed Pikel
  3148 | D:5      | Reached skill level 8 in Axes
  3148 | D:5      | Reached skill level 5 in Armour
  3148 | D:5      | Reached XP level 8. HP: 58/70 MP: 7/7
  3493 | D:5      | Found Nibryobb's Distillery.
  3534 | D:5      | Noticed Blork the orc
  3541 | D:5      | Killed Blork the orc
  3763 | D:5      | Found Poahyisu's Antique Armour Emporium.
  3772 | D:5      | Bought a pair of embroidered gloves for 150 gold pieces
  3824 | D:5      | Noticed Menkaure
  3830 | D:5      | Killed Menkaure
  3831 | D:5      | Reached skill level 9 in Axes
  4411 | D:6      | Found a staircase to the Ecumenical Temple.
  4508 | D:6      | Found a glowing drain.
  4514 | Sewer    | Entered a sewer
  4522 | Sewer    | Reached **** piety under Trog
  5163 | D:6      | Reached skill level 5 in Dodging
  5272 | D:6      | Reached XP level 9. HP: 49/78 MP: 8/8
  5711 | D:6      | Reached skill level 10 in Axes
  6172 | D:7      | Noticed Maggie
  6181 | D:7      | HP: 5/118 [Maggie/bolt of fire (25)]
  6184 | D:7      | Mangled by Maggie

Illustrated notes

Levels and vault maps discovered:
D:1:      heliophobic_arrival_dark_side_of_the_moon, layout_basic
D:2:      layout_basic, dreamdust_wishing_well, minmay_domino_2
D:3:      layout_rooms, grunt_temple_overflow_open, minivault_24
D:4:      layout_loops_ring, jmf_multi_god_temple2
D:5:      layout_loops_ring, mainiacjoe_overflow_surrounded_room, serial_shops,
          nicolae_shop_stone, nicolae_inconvenience_store, minmay_misc_feat_chi,
          uniq_menkaure, uniq_pikel, uniq_blork_the_orc
D:6:      layout_loops_ring, minmay_temple_entry_sparse_star,
          portal_sewer_entry_e
D:7:      layout_basic, nicolae_overflow_crystal_walls,
          mainiacjoe_overflow_24_doors, mainiacjoe_overflow_alcove_2,
          serial_shops, nicolae_book_shop_shelving, shop, uniq_maggie

Skill      XL: |  1  2  3  4  5  6  7  8  9 |
---------------+----------------------------+-----
Fighting       | 4 5 6 7 |  7.4
Axes           | 4 5 6 7 8 9 10 | 10.2
Dodging        | 3 4 5 |  5.2
Armour         | 3 5 7 |  7.5
Shields        | 1 2 |  2.9
Stealth        | |  0.8

Action                     |  1- 3 |  4- 6 |  7- 9 || total
---------------------------+-------+-------+-------++-------
  Melee: Hand axe          |    57 |   132 |    25 ||   214
         Headbutt          |     6 |    10 |    32 ||    48
         Punch             |       |     2 |     1 ||     3
         War axe           |       |       |   167 ||   167
  Throw: Stone             |       |       |     2 ||     2
 Invoke: Berserk           |       |     1 |     6 ||     7
         Trog's Hand       |       |       |     1 ||     1
    Use: Scroll            |       |       |     7 ||     7
 Armour: Animal skin       |    10 |       |       ||    10
         Ring mail         |       |    13 |       ||    13
         Scale mail        |       |    26 |    74 ||   100
  Dodge: Dodged            |    39 |    85 |    97 ||   221
  Block: Other             |       |    26 |    42 ||    68
         Reflection        |       |     2 |     4 ||     6
